 Dungeon Crawl Stone Soup version 0.21-a0-417-g0adc95b (webtiles) character file.

93 Koleisus the Caller (level 4, -5/31 HPs)
             Began as a Mummy Summoner on Nov 3, 2017.
             Slain by a wight
             ... wielding a +1 falchion
              (9 damage)
             ... on level 3 of the Dungeon.
             The game lasted 00:18:30 (4307 turns).

Koleisus the Caller (Mummy Summoner)                Turns: 4307, Time: 00:18:30

Health: -5/31      AC:  4    Str: 11    XL:     4   Next: 36%
Magic:  3/9        EV: 12    Int: 15    God:
Gold:   77         SH:  0    Dex: 12    Spells: 7/10 levels left

rFire    x . .     SeeInvis +   h - +0 whip
rCold    + . .     Gourm    .   (no shield)
rNeg     + + +     Faith    .   a - +0 robe
rPois    ∞         Spirit   .   (no helmet)
rElec    .         Reflect  .   (no cloak)
rCorr    .         Harm     .   (no gloves)
MR       .....                  (no boots)
Stlth    ++........             (no amulet)
HPRegen  0.10/turn              f - ring of see invisible
MPRegen  0.11/turn              i - +2 ring of protection

@: no status effects
A: no food or potions, fire vulnerability, cold resistance 1, negative energy
resistance 3, torment resistance, unbreathing
a: no special abilities


You were on level 3 of the Dungeon.
You were not hungry.

You visited 1 branch of the dungeon, and saw 5 of its levels.

You collected 77 gold pieces.

Inventory:

Hand Weapons
 h - a +0 whip (weapon)
Armour
 a - a +0 robe (worn)
Jewellery
 f - a ring of see invisible (left hand)
 i - a +2 ring of protection (right hand)
Scrolls
 c - a scroll of identify {unknown}
 d - a scroll of teleportation {unknown}
 g - a scroll of blinking {unknown}
Potions
 e - 2 potions of curing {unknown}
Books
 b - a book of Callings

   Spells                             Type                      Level
   a - Summon Small Mammal            Summoning                    1
   b - Call Imp                       Summoning                    2
   c - Call Canine Familiar           Summoning                    3
   d - Summon Guardian Golem          Hexes/Summoning              3
   e - Summon Lightning Spire         Summoning/Air                4
   f - Summon Ice Beast               Ice/Summoning                4


   Skills:
 + Level 0.4 Fighting
 + Level 1.8 Dodging
 + Level 1.6 Stealth
 + Level 3.9 Spellcasting
 + Level 4.2 Summonings


You had 7 spell levels left.
You knew the following spells:

 Your Spells              Type           Power        Failure   Level  Hunger
a - Summon Small Mammal   Summ           ###.         3%          1    N/A
b - Call Imp              Summ           ###.....     4%          2    N/A

Dungeon Overview and Level Annotations

Branches:
Dungeon (5/15)
 Temple: D:4-7

Altars:
Ru

Annotations:
D:3 anet's ghost, amateur MiFi


Innate Abilities, Weirdness & Mutations

You do not eat or drink.
Your flesh is vulnerable to fire.
You are immune to poison.
Your flesh is cold resistant. (rC+)
You are immune to negative energy. (rN+++)
You are immune to unholy pain and torment.
You can survive without breathing.


Message History

Confirm with . or Enter, or press ? or * to list all spells.
A beastly little devil appears in a puff of flame.
The wight hits you with an enchanted falchion.
The wight hits you from afar with a spear!
The wight misses you.
Casting: Call Imp
Confirm with . or Enter, or press ? or * to list all spells.
A beastly little devil appears in a puff of flame.
The wight misses you.
The wight hits you from afar with an enchanted halberd.
The wight hits you but does no damage.
Casting: Call Imp
Confirm with . or Enter, or press ? or * to list all spells.
A shadowy apparition takes form in the air.
The wight hits you with a morningstar of freezing!
* * * LOW HITPOINT WARNING * * *
The wight freezes you.
* * * LOW HITPOINT WARNING * * *
The wight hits you with an enchanted falchion!
You die...

##.....##....<##.#
##..............#..
#..........(......#
#.....[...........#
#.............)..##
#................#
#...5............#
#.5zz.............#
##@zz...........#$.
##5.....#.....###.
######.####### #
#.# #.. ##.# .


You could see 4 wights, 2 friendly crimson imps and a friendly shadow imp.

Vanquished Creatures
  2 goblins (D:2)
  A rat (D:2)
3 creatures vanquished.

Vanquished Creatures (collateral kills)
  A wight (D:4)
  Robin (D:2)
  2 adders (D:2)
  2 oozes (D:2)
  A worm (D:2)
  2 dart slugs (D:1)
  A leopard gecko (D:1)
  7 bats
  3 giant cockroaches
  11 hobgoblins
  4 jackals (D:1)
  A quokka (D:2)
  2 ball pythons (D:1)
  4 frilled lizards
  14 goblins
  5 kobolds
  4 rats
65 creatures vanquished.

Grand Total: 68 creatures vanquished

Notes
Turn   | Place    | Note
-------+----------+-------------------------------------------
     0 | D:1      | Koleisus the Mummy Summoner began the quest for the Orb.
     0 | D:1      | Reached XP level 1. HP: 13/13 MP: 4/4
   794 | D:1      | Reached XP level 2. HP: 18/19 MP: 3/5
  1908 | D:2      | Reached XP level 3. HP: 3/24 MP: 0/7
  2495 | D:2      | Learned a level 2 spell: Call Imp
  2537 | D:2      | Found a sacrificial altar of Ru.
  3223 | D:2      | Noticed Robin
  3227 | D:2      | Reached skill level 4 in Summonings
  3229 | D:2      | Killed Robin
  3260 | D:2      | Reached XP level 4. HP: 11/31 MP: 2/9
  3497 | D:3      | Noticed anet's ghost (amateur MiFi)
  4298 | D:5      | Entered Level 5 of the Dungeon
  4307 | D:3      | Slain by a wight

Vault maps used:
D:1:      saegor_arrival_simple_d
D:2:      old_standard_altar, uniq_robin
D:3:      chequers_ecumenical_altar_lobes, first_bread, minmay_misc_feat_tower
D:4:      ashenzari_conservatory_becter,
          nicolae_gozag_cash_rules_everything_around_me,
          overflow_temple_1_default
D:5:      kennysheep_mini_moat

Skill      XL: |  1  2  3 |
---------------+----------+-----
Spellcasting   | 3 |  3.9
Summonings     | 4 |  4.2
Fighting       | |  0.4
Dodging        | |  1.8
Stealth        | |  1.6

Action                   |  1- 3 |  4- 6 || total
-------------------------+-------+-------++-------
Melee: Unarmed           |    20 |       ||    20
       Whip              |    13 |     9 ||    22
 Cast: Summon Small Mamm |    96 |     3 ||    99
       Call Imp          |    19 |    10 ||    29
Armor: Robe              |    30 |     4 ||    34
Dodge: Dodged            |    94 |    10 ||   104

Table legend:
 A = Spawn XP
 B = Non-spawn XP
 C = Spawn XP percentage of total XP
 D = Spawn monster count
 E = Non-spawn monster count
 F = Spawn count percentage of total count
 G = Total turns spent on level
                    A         B        C        D         E        F      G
               +---------+---------+-------+---------+---------+-------+---------
         Total |       0 |     133 |   0.0 |       0 |      68 |   0.0 |  4307
               +---------+---------+-------+---------+---------+-------+---------
           D:1 |       0 |      27 |   0.0 |       0 |      24 |   0.0 |  1630
           D:2 |       0 |      70 |   0.0 |       0 |      41 |   0.0 |  2154
           D:3 |       0 |       1 |   0.0 |       0 |       1 |   0.0 |    91
           D:4 |       0 |      35 |   0.0 |       0 |       2 |   0.0 |   430
               +---------+---------+-------+---------+---------+-------+---------
